 Dungeon Crawl Stone Soup version 0.27-a0-732-ga892ba84f6 (webtiles) character file.

Game seed: 9494837196831154725

5 rageheart7 the Skirmisher (level 1, 0/19 HPs)
             Began as a Palentonga Fighter on Mar 23, 2021.
             Slain by a dart slug (2 damage)
             ... on level 1 of the Dungeon.
             The game lasted 00:00:48 (121 turns).

rageheart7 the Skirmisher (Palentonga Fighter)       Turns: 121, Time: 00:00:49

Health: 0/19       AC:  6    Str: 19    XL:     1   Next: 66%
Magic:  1/1        EV:  5    Int:  8    God:
Gold:   0          SH:  8    Dex:  9    Spells: 0/0 levels left

rFire    . . .     SeeInvis +   a - +0 flail
rCold    . . .     Faith    .   c - +0 kite shield
rNeg     . . .     Spirit   .   b - +0 scale mail
rPois    .         Reflect  .   (no helmet)
rElec    .         Harm     .   (no cloak)
rCorr    .         Rampage  .   (no gloves)
Will     .....                  (no barding)
Stlth    ..........             (no amulet)
HPRegen  0.06/turn              (no ring)
MPRegen  0.07/turn              (no ring)

@: mighty
A: large, rugged brown scales 3, see invisible, deformed body, roll 1, armoured
tail
a: Rolling Charge


You were on level 1 of the Dungeon.
You visited 1 branch of the dungeon, and saw 1 of its levels.

Inventory:

Hand Weapons
 a - a +0 flail (weapon)
Armour
 b - a +0 scale mail (worn)
 c - a +0 kite shield (worn)
Scrolls
 e - a scroll of enchant weapon {unknown}


   Skills:
 * Level 3.2 Fighting
 * Level 2.1 Maces & Flails
 - Level 2.4 Armour
 - Level 2.4 Shields


You couldn't memorise any spells.
You didn't know any spells.
Your spell library was empty.

Dungeon Overview and Level Annotations

Branches:
Dungeon (1/15)

Altars:


Innate Abilities, Weirdness & Mutations

You are completely covered in rugged brown scales. (AC +3, +7% HP)
You have supernaturally acute eyesight. (SInv)
Armour fits poorly on your strangely shaped body.
You can roll at nearby foes to attack.
You have a long armoured tail.


Message History

You block the quokka's attack. The quokka barely misses you.
You closely miss the quokka.
The quokka is moderately wounded.
The quokka bites you. You block the quokka's attack.
You barely miss the quokka.
Your tail-slap misses the quokka.
The quokka is moderately wounded.
The quokka bites you but does no damage.
You block the quokka's attack.
You barely miss the quokka.
The quokka is moderately wounded.
The quokka bites you but does no damage.
The quokka bites you.
* * * LOW HITPOINT WARNING * * *
You closely miss the quokka.
Your tail-slap misses the quokka.
The quokka is moderately wounded.
You block the quokka's attack.
You closely miss the quokka.
The quokka is moderately wounded.
The quokka bites you.
* * * LOW HITPOINT WARNING * * *
You block the quokka's attack.
You feel very mighty all of a sudden. You block the quokka's attack.
You completely miss the quokka.
The quokka is moderately wounded.
You block the quokka's attack. x2
You closely miss the quokka. You tail-slap the quokka.
You kill the quokka!
The goblin hits you but does no damage.
You barely miss the goblin.
The goblin hits you with a +2 dagger of speed.
* * * LOW HITPOINT WARNING * * *
The goblin hits you but does no damage. You block the goblin's attack.
You closely miss the goblin. You block the goblin's attack. x2
You sock the goblin!
You kill the goblin!
You sock the dart slug!
The dart slug is almost dead.
The dart slug bites you.
You die...

...............# #.
##.........##### .
#.........## . #..........##
#. #.........#.## #.#
########.###.#######. #..#
#.## ##........
####...########.###.#######.
.........)w@.....#.##
.#.###.#.†#######.## ......#
### .###.#..# #.#[#.#..#
#.###.#..# ..........#
.#.###.#.##


You could see a dart slug.

Vanquished Creatures
  2 goblins (D:1)
  2 quokkas (D:1)
  A frilled lizard (D:1)
5 creatures vanquished.

Notes
Turn   | Place    | Note
-------+----------+-------------------------------------------
     0 | D:1      | rageheart7 the Palentonga Fighter began the quest for the
                  | Orb.
     0 | D:1      | Reached XP level 1. HP: 19/19 MP: 1/1
   121 | D:1      | Slain by a dart slug

Illustrated notes

Levels and vault maps discovered:
D:1:      minmay_arrival_solitary_statue, layout_loops_ring, minmay_surrounded

Action                   || total
-------------------------++-------
Melee: Flail             ||    24
       Tailslap          ||     1
  Use: Potion            ||     1
Armor: Scale mail        ||    14
Dodge: Dodged            ||     6
Block: Kite shield       ||    22

Table legend: (Time is in decaauts)
 A = Elapsed time spent in this place.
 B = Non-inter-level travel time spent in this place.
 C = Inter-level travel time spent in this place.
 D = Time resting spent in this place.
 E = Time spent auto-exploring this place.
 F = Levels seen in this place.
 G = Mean time per level.
                   A        B        C        D        E       F      G
               +--------+--------+--------+--------+--------+-----+--------+
         Total |    132 |    132 |      0 |      0 |     85 |   1 |  132.0 |
       Dungeon |    132 |    132 |      0 |      0 |     85 |   1 |  132.0 |
               +--------+--------+--------+--------+--------+-----+--------+

Top non-repeatable levels by time:
     D:1: 132 daAuts
